 Dungeon Crawl Stone Soup version 0.30-a0-591-g3c58d2bc28 (webtiles) character file.

Game seed: 12284016611059596275

2018245 ragingrage the Warrior (level 26, 239/239 HPs)
             Began as a Green Draconian Brigand on Jan 4, 2023.
             Was an Initiate of Gozag.
             Escaped with the Orb
             ... and 4 runes on Jan 5, 2023!
             The game lasted 03:15:35 (88137 turns).

ragingrage the Warrior (Green Draconian Brigand)   Turns: 88137, Time: 03:15:36

Health: 239/239    AC: 29    Str: 16    XL:     26   Next: 53%
Magic:  13/41      EV: 25    Int: 32    God:    Gozag
Gold:   3654       SH: 30    Dex: 20    Spells: 3/53 levels left

rFire   + + +      SeeInvis +    b - +3 Elemental Staff {rElec rF++ rC++ AC+5}
rCold   + + .      Faith    .    N - +8 tower shield {AC+3}
rNeg    + + +      Spirit   .    (body armour unavailable)
rPois   +          Reflect  .    e - +2 hat {Int+3}
rElec   +          Harm     .    n - +2 cloak {rCorr}
rCorr   +          Rampage  .    S - +0 pair of gloves "Xefolyem" {rF+ Str+2 Int+3 SInv}
Will    +++..                    f - +2 pair of boots {Stlth+}
Stlth   +++                      l - amulet "Duzeen" {rN+ Regen+ Int+4}
HPRegen 1.39/turn                k - ring of Qyuwny {rC+ rN++ Will++ Dex-3}
MPRegen 0.27/turn                g - ring "Xizxepun" {Int+6 Dex+3 Slay+6}

@: gold aura, studying 4 skills
A: breathe noxious fumes, AC +12, unfitting armour, stinger 1, poison
resistance, cold-blooded, cold vulnerability 1, inability to drink after injury
1
0: Orb of Zot
}: 4/15 runes: barnacled, slimy, silver, gossamer
a: Breathe Noxious Fumes, Renounce Religion, Potion Petition, Call Merchant,
Bribe Branch


You escaped.
You worshipped Gozag.
Gozag was most pleased with you.
You visited 10 branches of the dungeon, and saw 52 of its levels.
You visited 2 bazaars.
You also visited: Gauntlet and Wizlab.

You collected 29222 gold pieces.
You spent 7947 gold pieces at shops.
You paid 17621 gold pieces to Gozag.

Inventory:

Hand Weapons
 a - a +8 demon whip of electrocution
 b - the +3 Elemental Staff (weapon) {rElec rF++ rC++ AC+5}
   (You found it on level 1 of the Vaults)

   If the wielder is skilled in Evocations, they can discharge powerful blasts
   of elemental energy when striking with it.
   It enhances your fire, ice, earth and air magic.
   AC:        It affects your AC (+5).
   rF:        It greatly protects you from fire.
   rC:        It greatly protects you from cold.
   rElec:     It insulates you from electricity.
 p - the +6 rapier of Huhokypa {drain, rF++ rC+}
   (You took it off an orc warlord on level 3 of the Depths)

   rF:        It greatly protects you from fire.
   rC:        It protects you from cold.
Missiles
 r - 6 throwing nets
 v - 37 javelins
 D - 8 silver javelins
 Y - 7 curare-tipped darts
Armour
 e - a +2 hat of intelligence (worn)
 f - a +2 pair of boots of stealth (worn)
 n - a +2 cloak of preservation (worn)
 N - a +8 tower shield of protection (worn)
 S - the +0 pair of gloves "Xefolyem" (worn) {rF+ Str+2 Int+3 SInv}
   (You found it on level 5 of the Lair of Beasts)

   Str:       It affects your strength (+2).
   Int:       It affects your intelligence (+3).
   rF:        It protects you from fire.
   SInv:      It lets you see invisible.
Jewellery
 g - the ring "Xizxepun" (right hand) {Int+6 Dex+3 Slay+6}
   (You found it in a Gauntlet)

   [ring of intelligence]

   Int:       It affects your intelligence (+6).
   Dex:       It affects your dexterity (+3).
   Slay:      It affects your accuracy & damage with ranged weapons and melee
   (+6).
 k - the ring of Qyuwny (left hand) {rC+ rN++ Will++ Dex-3}
   (You bought it in a shop in a bazaar)

   [ring of protection from cold]

   Dex:       It affects your dexterity (-3).
   rC:        It protects you from cold.
   rN:        It greatly protects you from negative energy.
   Will:      It greatly increases your willpower.
 l - the amulet "Duzeen" (around neck) {rN+ Regen+ Int+4}
   (You bought it in a shop on level 1 of the Lair of Beasts)

   [amulet of regeneration]

   Int:       It affects your intelligence (+4).
   rN:        It protects you from negative energy.
   Regen:     It increases your rate of health regeneration.
 R - a ring of positive energy
Wands
 y - a wand of iceblast (8)
 C - a wand of charming (32)
 U - a wand of mindburst (17)
 W - a wand of digging (14)
Scrolls
 o - 11 scrolls of immolation
 q - 5 scrolls of fear
 z - 13 scrolls of blinking
 B - 3 scrolls of butterflies
 G - 2 scrolls of vulnerability
 I - 4 scrolls of fog
 J - 6 scrolls of magic mapping
 L - 3 scrolls of silence
 M - 12 scrolls of teleportation
 O - 10 scrolls of poison
Potions
 h - 6 potions of berserk rage
 i - 7 potions of might
 j - 3 potions of haste
 m - 4 potions of invisibility
 s - 10 potions of flight
 t - 8 potions of resistance
 u - 16 potions of attraction
 w - 8 potions of heal wounds
 A - 14 potions of curing
 E - 9 potions of mutation
 F - 6 potions of cancellation
 H - 10 potions of brilliance
 Q - 2 potions of magic
 T - 12 potions of ambrosia
 Z - 5 potions of lignification
Miscellaneous
 c - a phial of floods
 d - a lightning rod (4/4)
 x - a box of beasts
 K - a condenser vane
 P - a phantom mirror
 V - a tin of tremorstones (2/2)


   Skills:
 - Level 20.0 Fighting
 - Level 3.8 Short Blades
 - Level 12.0(13.3) Maces & Flails
 - Level 9.3(12.0) Staves
 - Level 14.0 Throwing
 - Level 19.0 Dodging
 - Level 15.6 Stealth
 - Level 18.0 Shields
 - Level 14.0 Spellcasting
 - Level 14.0 Conjurations
 + Level 9.4 Summonings
 - Level 14.3 Necromancy
 - Level 7.0 Translocations
 - Level 2.9 Transmutations
 - Level 3.0 Air Magic
 - Level 15.0 Earth Magic
 - Level 11.0 Evocations


You had 3 spell levels left.
You knew the following spells:

 Your Spells              Type           Power      Damage    Failure   Level
a - Borgnjor's Vile Clut  Necr/Erth      54%        N/A       1%          5
b - Death Channel         Necr           42%        N/A       2%          6
c - Apportation           Tloc           100%       N/A       1%          1
d - Passage of Golubria   Tloc           61%        N/A       3%          4
e - Swiftness             Air            58%        N/A       4%          3
f - Blink                 Tloc           100%       N/A       1%          2
g - Iron Shot             Conj/Erth      53%        9d10      1%          6
h - Statue Form           Tmut/Erth      58%        N/A       21%         6
i - Lee's Rapid Deconstr  Erth           54%        3d25*     1%          5
j - Irradiate             Conj/Tmut      33%        3d22      4%          5
k - Spellforged Servitor  Conj/Summ      39%        N/A       36%         7

Your spell library contained the following spells:

 Spells                   Type           Power      Damage    Failure   Level
 Magic Dart               Conj           100%       1d8       0%          1
 Necrotise                Necr           100%       1d9       0%          1
 Foxfire                  Conj/Fire      100%       2x1d9     1%          1
 Shock                    Conj/Air       100%       1d9       1%          1
 Summon Small Mammal      Summ           100%       N/A       1%          1
 Call Imp                 Summ           70%        N/A       1%          2
 Cigotuvi's Dreadful Rot  Necr/Pois/Air  100%       N/A       1%          2
 Momentum Strike          Conj/Tloc      100%       3d10      1%          2
 Passwall                 Tmut/Erth      73%        N/A       1%          2
 Searing Ray              Conj           100%       2d8       1%          2
 Call Canine Familiar     Summ           70%        N/A       1%          3
 Dazzling Flash           Conj/Hex       100%       N/A       1%          3
 Gell's Gravitas          Tloc           61%        N/A       1%          3
 Hailstorm                Conj/Ice       79%        3d16      1%          3
 Lesser Beckoning         Tloc           100%       N/A       1%          3
 Mephitic Cloud           Conj/Pois/Air  73%        N/A       1%          3
 Stone Arrow              Conj/Erth      100%       3d13      1%          3
 Teleport Other           Tloc           61%        N/A       1%          3
 Vampiric Draining        Necr           85%        2d12      1%          3
 Vhi's Electric Charge    Tloc/Air       100%       N/A       1%          3
 Summon Guardian Golem    Hex/Summ       51%        N/A       2%          3
 Sting                    Tmut/Pois      100%       1d8       3%          1
 Portal Projectile        Hex/Tloc       88%        N/A       3%          3
 Slow                     Hex            88%        N/A       5%          1
 Ensorcelled Hibernation  Hex/Ice        66%        N/A       8%          2
 Spider Form              Tmut/Pois      31%        N/A       9%          3
 Confusing Touch          Hex            22%        N/A       16%         3
 Inner Flame              Hex/Fire       33%        N/A       16%         3
 Ozocubu's Armour         Ice            33%        N/A       16%         3
 Tukima's Dance           Hex            22%        N/A       16%         3
 Dispel Undead            Necr           85%        3d27      1%          4
 Petrify                  Tmut/Erth      88%        N/A       1%          4
 Iskenderun's Battlesphe  Conj           84%        2d13      1%          5
 Anguish                  Hex/Necr       31%        N/A       2%          4
 Leda's Liquefaction      Hex/Erth       40%        N/A       2%          4
 Flame Wave               Conj/Fire      79%        2d17      3%          4
 Sticky Flame             Conj/Fire      79%        2d9       3%          4
 Summon Lightning Spire   Summ/Air       76%        N/A       4%          4
 Arcjolt                  Conj/Air       43%        1d53      4%          5
 Lightning Bolt           Conj/Air       43%        1d62      4%          5
 Fireball                 Conj/Fire      39%        3d16      9%          5
 Freezing Cloud           Conj/Ice/Air   46%        6-21      14%         5
 Orb of Destruction       Conj           42%        9d12      14%         7
 Airstrike                Air            29%        2d(5-21)  16%         4
 Conjure Ball Lightning   Conj/Air       43%        3x3d15    24%         6
 Ice Form                 Ice/Tmut       47%        N/A       28%         4
 Blade Hands              Tmut           20%        N/A       41%         5
 Starburst                Conj/Fire      39%        6d11      41%         6
 Cause Fear               Hex            11%        N/A       45%         4
 Silence                  Hex/Air        24%        N/A       61%         5
 Alistair's Intoxication  Tmut/Pois      20%        N/A       63%         5
 Yara's Violent Unravell  Hex/Tmut       15%        3d8       63%         5
 Lehudib's Crystal Spear  Conj/Erth      53%        10d13     65%         8
 Borgnjor's Revivificati  Necr           42%        N/A       67%         8
 Infestation              Necr           42%        N/A       67%         8
 Metabolic Englaciation   Hex/Ice        16%        N/A       82%         5
 Malign Gateway           Summ/Tloc      33%        N/A       83%         7
 Dragon Form              Tmut           20%        N/A       100%        7
 Enfeeble                 Hex            11%        N/A       100%        7
 Ozocubu's Refrigeration  Ice            16%        4d11      100%        7
 Storm Form               Tmut/Air       29%        N/A       100%        7
 Discord                  Hex            11%        N/A       100%        8
 Disjunction              Tloc           30%        N/A       100%        8
 Ignition                 Fire           16%        3d7       100%        8
 Maxwell's Capacitive Co  Air            29%        ∞         100%        8
 Necromutation            Tmut/Necr      33%        N/A       100%        8
 Summon Horrible Things   Summ           35%        N/A       100%        8
 Chain Lightning          Conj/Air       43%        3d57      100%        9
 Death's Door             Necr           42%        N/A       100%        9
 Dragon's Call            Summ           35%        N/A       100%        9
 Fire Storm               Conj/Fire      39%        8d10      100%        9
 Polar Vortex             Ice            16%        N/A       100%        9
 Shatter                  Erth           54%        3d41*     100%        9
 Animate Armour           Summ/Erth      Unusable   N/A       N/A         4
 Animate Dead             Necr           Unusable   N/A       N/A         4
 Simulacrum               Ice/Necr       Unusable   N/A       N/A         6

Dungeon Overview and Level Annotations

Branches:
Dungeon (15/15)            Temple (0/1) D:7            Lair (5/5) D:11
 Shoals (4/4) Lair:2       Spider (4/4) Lair:2        Slime (5/5) Lair:4
    Orc (2/2) D:9             Elf (3/3) Orc:2        Vaults (5/5) D:13
  Crypt (0/3) Vaults:2     Depths (4/4) D:15            Zot (5/5) Depths:4
 WizLab (visited)         Gauntlet (visited)

Altars:
Ashenzari
Cheibriados
Dithmenos
Elyvilon
Fedhas
Gozag
Hepliaklqana
Makhleb
Nemelex Xobeh
Okawaru
Qazlal
Sif Muna
Trog
Uskayaw
Vehumet
Wu Jian
Xom
Zin
The Shining One

Shops:
D:1 (   D:4 =   D:9 *   D:11 =   D:13 (   D:15 [   Orc:1 [   Orc:2 :[=*
Elf:2 *   Lair:1 =?   Vaults:5 [=?   Zot:1 *   Depths:1 *   Depths:4 ?![*

Portals:
Hell: Depths:1 Depths:2 Depths:3 Depths:4
Abyss: Depths:1 Depths:2 Depths:3
Pandemonium: Depths:2 Depths:3 Depths:4
Ziggurat: Depths:2

Annotations:
D:7 exclusion: downstairs
Shoals:2 Roxanne
Spider:4 2 transporters, Zonian's ghost, adept VSBr
Elf:1 6 runed translucent doors
Elf:2 3 runed translucent doors
Vaults:4 3 runed translucent doors, Olyjoun's ghost, adept GnHW
Depths:1 1 runed translucent door, NinjaNoafa's ghost, adept GnMo
Zot:2 1 transporter


Innate Abilities, Weirdness & Mutations

You can breathe blasts of noxious fumes.
Your lurid green scales are hard. (AC +12)
You cannot fit into any form of body armour.
Your tail ends in a venomous barb.
Your system is resistant to poisons. (rPois)
You are cold-blooded and may be slowed by cold attacks.
You are vulnerable to cold. (rC-)
You occasionally lose the ability to drink potions when taking damage.


Message History

The zombie hands constrict the large abomination!
You destroy the large abomination!
You block the Executioner's attack. x3; The Executioner hits you!
The Executioner hits you but does no damage. x2
The Executioner completely misses you.
The Executioner hits you but does no damage.
The Executioner misses you.
Your condenser vane has recharged.
Aiming: Iron Shot (mildly dangerous; 1% risk of failure)
Press: ? - help, Q - select action, (/) - cycle Shift-Dir - straight line, f - Executioner
Aim: an Executioner (severely wounded, fast, constricted by zombie hands, 100% to hit)
You feel a surge of power!
The iron shot hits the Executioner!!!
You kill the Executioner!
A demonic crawler comes into view.
Aiming: Iron Shot (mildly dangerous; 1% risk of failure)
Press: ? - help, Q - select action, (/) - cycle Shift-Dir - straight line, f - large abomination
Aim: a large abomination (87% to hit)
You feel a surge of power!
The iron shot hits the large abomination!!!
You destroy the large abomination!
Aiming: Iron Shot (mildly dangerous; 1% risk of failure)
Press: ? - help, Q - select action, (/) - cycle Shift-Dir - straight line, f - demonic crawler
Aim: a demonic crawler (90% to hit)
You feel a surge of power!
The iron shot hits the demonic crawler!!!
You kill the demonic crawler!
You hit the large abomination.
You electrocute the large abomination!!
You tail-slap the large abomination.
The large abomination is heavily damaged.
You sock the large abomination!
You electrocute the large abomination!
You destroy the large abomination!
No target in view!
You now have 3618 gold pieces (gained 24).
You now have 3654 gold pieces (gained 36).
There is an open door here.
A demonspawn blood saint comes into view.
It is wielding a +0 dagger.
The demonspawn blood saint moves out of view.
There is a staircase leading out of the dungeon here.
The demonspawn blood saint is distracted by your dazzling golden aura.
You have escaped!

.#########....##.##.....#
..............'8.86...6.#
.#########....#...#....##
...#### #...##...##....#
##....####...#≈...≈#....#
####...###.##≈...≈#....#
###.# #.##≈...≈#....#
###.###.##≈...≈#....#
###....$...#≈.@.≈#...##
#.......)..##...##..##
####.......>.##.######
#..........######
#......##### ###
##......# #.## ........#
#..# .#......# ##.#
.#......# #.########


You could see a demonspawn blood saint (unaware).

Vanquished Creatures
  the Royal Jelly (Slime:5)
  A dread lich (Vaults:5)
  An ancient lich (Zot:5)
  3 orbs of fire
  Mara (Spider:4)
  Bai Suzhen (Spider:3)
  2 Killer Klowns
  Parghit (Depths:4)
  2 curse toes
  6 golden dragons
  Arachne (Spider:3)
  A bone dragon (Zot:5)
  2 Brimstone Fiends
  4 electric golems
  12 Orb Guardians
  Rupert (D:15)
  21 tentacled monstrosities
  Mlioglotl (Spider:2)
  A titan (Vaults:5)
  3 liches
  2 deep elf master archers (Elf:3)
  Asterion (D:15)
  2 quicksilver dragons
  3 deep elf blademasters
  A walking frostbound tome (Depths:2)
  An ancient champion (Vaults:2)
  19 acid blobs
  5 death cobs
  Frances (D:13)
  An Executioner (D:1)
  7 sphinxes
  Kirke (Spider:3)
  The ghost of drugrobin the Black Belt, an adept DgDe (Elf:2)
  6 draconian monks
  7 shadow dragons
  10 storm dragons
  6 tengu reavers
  9 azure jellies
  The ghost of Yritoa the Warrior, a journeyman MiBe of Trog (Elf:2)
  15 rockslimes
  6 draconian knights
  9 deep elf sorcerers
  6 fire giants
  8 frost giants
  10 draconian scorchers
  2 iron dragons
  9 emperor scorpions
  Louise (Spider:1)
  3 balrugs
  12 vault wardens
  2 broodmothers (Spider:3)
  A draconian shifter (Zot:2)
  10 ghost moths
  4 orc warlords
  4 deep elf elementalists (Elf:3)
  3 draconian stormcallers
  4 cacodemons
  3 reapers
  3 spriggan defenders
  2 war gargoyles (Vaults:5)
  8 quicksilver oozes
  14 ironbound preservers
  The ghost of pigah the Stormcaller, a journeyman OpWn of Gozag (D:15)
  20 very ugly things
  6 draconian annihilators
  A caustic shrike skeleton (D:15)
  A vampire knight (Depths:4)
  6 green draconians
  6 ironbound thunderhulks
  16 stone giants
  10 black draconians
  7 deep elf demonologists
  An eleionoma (shapeshifter) (Vaults:5)
  Azrael (D:14)
  6 yellow draconians
  6 deep elf annihilators (Elf:3)
  8 dire elephants
  10 spark wasps
  11 purple draconians
  A bunyip (shapeshifter) (Depths:2)
  A minotaur (Gauntlet)
  6 white draconians
  10 red draconians
  9 ettins
  A green death (WizLab)
  Snorg (Lair:5)
  4 deep elf death magi
  A blizzard demon (Depths:2)
  3 merfolk javelineers (Shoals:4)
  14 yaktaur captains
  4 fire dragons
  14 merfolk impalers
  3 entropy weavers
  Josephine (Lair:5)
  6 deep elf high priests
  9 great orbs of eyes
  8 rakshasas
  2 peacekeepers
  6 hydras
  6 ice dragons
  11 ironbound frosthearts
  23 vault guards
  5 spriggan air magi
  2 radroaches
  3 jorogumos (Spider:2)
  A hell beast (Depths:2)
  3 catoblepae
  An alligator snapping turtle (Shoals:1)
  2 ogre magi
  12 centaur warriors
  5 merfolk aquamancers
  15 two-headed ogres
  7 tengu warriors
  19 dancing weapons
  9 boulder beetles
  A death knight (D:14)
  10 deep troll earth magi
  7 deep troll shamans
  A hell hog (Depths:4)
  A satyr (Shoals:3)
  2 death yaks (Lair:3)
  5 orc high priests
  3 spriggan berserkers
  A vampire mage (Depths:2)
  Urug (D:13)
  4 hell knights (Depths:2)
  4 sun demons
  2 soul eaters
  19 deep elf knights
  6 iron trolls
  6 pharaoh ants
  A storm dragon skeleton (Depths:2)
  3 sun moths
  A salamander mystic (Depths:4)
  A sixfirhy (D:12)
  A golden dragon skeleton (Depths:2)
  8 skeletal warriors
  A deep troll (shapeshifter) (D:13)
  48 deep trolls
  12 orb spiders
  7 glowing orange brains
  2 lindwurms (shapeshifter)
  19 deep elf archers
  12 lindwurms
  13 sea snakes
  3 phantasmal warriors
  5 steelbarb worms
  21 harpies
  A glowing orange brain (shapeshifter) (Vaults:1)
  6 wizards
  13 ironbound convokers
  18 deep elf pyromancers
  10 necromancers
  A tengu zombie (D:15)
  An orc sorcerer (Orc:2)
  2 stone giant zombies (Vaults:3)
  15 ugly things
  A frost giant zombie (Depths:2)
  30 deep elf zephyrmancers
  12 manticores
  A shadow dragon skeleton (Depths:2)
  15 orc knights
  9 fauns
  A faun (shapeshifter) (D:14)
  4 oklob plants
  3 salamanders (Depths:4)
  2 shining eyes (Slime:5)
  9 cyclopes
  21 wolf spiders
  20 moths of wrath
  29 elephants
  Joseph (D:10)
  Maurice (D:8)
  8 water nymphs
  3 eyes of devastation
  A frost giant skeleton (Depths:2)
  4 smoke demons
  11 vault sentinels
  6 black mambas
  5 merfolk sirens
  5 gargoyles
  13 demonic crawlers
  8 torpor snails
  12 cane toads
  A hellion (Zot:4)
  A rime drake (shapeshifter) (Elf:3)
  5 centaur zombies (D:13)
  An unseen horror (D:11)
  Maggie (D:8)
  2 rime drakes (Lair:5)
  A freezing wraith (Vaults:5)
  19 yaktaurs
  7 komodo dragons
  An ice devil (WizLab)
  A human skeleton (Vaults:3)
  An efreet (D:14)
  6 tengu conjurers
  29 merfolk
  A troll (shapeshifter) (Vaults:5)
  6 meliai
  A queen bee (D:15)
  8 trolls
  10 wind drakes
  A wind drake (shapeshifter) (D:15)
  18 blink frogs
  5 polar bears
  15 hornets
  34 tarantellas
  12 dream sheep
  An iron dragon simulacrum (Depths:2)
  8 snapping turtles
  20 jumping spiders
  An air elemental (Elf:1)
  19 culicivoras
  88 slime creatures
  A culicivora (shapeshifter) (Depths:4)
  A vampire (D:14)
  53 yaks
  20 spriggans
  21 water elementals
  5 wyverns
  A shadow (D:13)
  A ynoxinul (WizLab)
  17 humans
  2 fire bats (Depths:4)
  An elf zombie (Vaults:3)
  2 hogs (Spider:3)
  11 wraiths
  2 basilisks
  6 fire elementals
  3 steam dragons
  A redback (shapeshifter) (Vaults:1)
  10 vampire mosquitoes
  A chaos spawn (WizLab)
  59 redbacks
  2 neqoxecs (WizLab)
  Menkaure (D:7)
  A warg (shapeshifter) (D:13)
  A human zombie (D:15)
  3 acid dragons
  2 wargs
  3 large abominations (D:1)
  3 small abominations (Gauntlet)
  4 hell hounds (D:14)
  10 water moccasins
  A floating eye (Slime:4)
  A glowing shapeshifter skeleton (Depths:2)
  19 orc warriors
  9 black bears
  3 ice beasts
  9 ogres
  8 boggarts
  34 wolves
  4 centaurs
  2 kobold brigands
  A necrophage (D:5)
  21 bullfrogs
  4 scorpions
  3 earth elementals
  3 wights (D:9)
  13 killer bees (D:15)
  An electric eel (Lair:3)
  6 howler monkeys
  3 lava snakes (D:9)
  5 jellies
  Crazy Yiuf (D:7)
  26 orc priests
  2 hounds
  A boggart zombie (D:13)
  2 gnoll boudas
  3 iguanas (D:5)
  19 orc wizards
  8 gnolls
  4 adders
  5 shadow imps
  3 white imps (D:5)
  2 ufetubi
  A dart slug (D:9)
  63 orcs
  5 ball pythons
  3 bats
  3 endoplasms
  4 giant cockroaches
  3 hobgoblins
  8 jackals
  12 kobolds
  2 quokkas
  2 frilled lizards
  3 goblins
  5 rats
  A spectral orc (D:10)
2080 creatures vanquished.

Vanquished Creatures (collateral kills)
  3 dread liches
  2 orbs of fire (Zot:5)
  An ancient lich (Vaults:5)
  2 Killer Klowns (Zot:5)
  A curse toe (Zot:2)
  3 golden dragons
  the Enchantress (Depths:1)
  A lich (Vaults:5)
  2 tentacled monstrosities
  6 Orb Guardians (Zot:5)
  A walking frostbound tome (Depths:2)
  2 titans (Depths:4)
  A shadow dragon (Zot:2)
  A storm dragon (Zot:5)
  3 draconian monks
  A tengu reaver (Vaults:5)
  An emperor scorpion (Spider:4)
  3 vault wardens
  3 draconian scorchers
  A draconian stormcaller (Zot:4)
  5 ironbound preservers
  An orc warlord (Depths:3)
  2 draconian shifters (Zot:2)
  4 spriggan defenders
  6 very ugly things
  2 draconian annihilators
  3 stone giants
  A vampire knight (Depths:2)
  3 green draconians
  2 white draconians
  2 yellow draconians
  A black draconian (Zot:1)
  A deep elf annihilator (Vaults:5)
  A dire elephant (Vaults:2)
  4 red draconians
  3 purple draconians
  A spark wasp (Depths:4)
  A fire dragon (Depths:4)
  An ettin (Depths:1)
  2 deep elf death magi
  A yaktaur captain (Vaults:5)
  A great orb of eyes (Vaults:4)
  A spriggan air mage (Depths:1)
  4 vault guards
  2 ice dragons
  2 centaur warriors
  A two-headed ogre (D:15)
  A boulder beetle (Vaults:2)
  A death knight (Vaults:2)
  7 deep troll shamans
  4 deep troll earth magi
  4 iron trolls
  A death drake (Zot:5)
  24 deep trolls
  A pharaoh ant (Spider:4)
  A glowing orange brain (Depths:1)
  18 slime creatures
  An orb spider (Spider:4)
  2 ironbound convokers
  3 orc knights
  2 harpies
  2 lindwurms
  2 deep elf pyromancers (Elf:3)
  A necromancer (Depths:2)
  4 wolf spiders (Spider:4)
  7 ugly things
  7 moths of wrath
  3 vault sentinels
  A hellion (Zot:4)
  A guardian mummy (D:15)
  6 yaktaurs
  A tengu conjurer (Depths:2)
  2 merfolk (Shoals:4)
  A meliai (D:15)
  3 tarantellas (Spider:4)
  3 hornets
  3 jumping spiders (Spider:4)
  A slime creature (shapeshifter) (Vaults:5)
  A spriggan skeleton (D:15)
  3 culicivoras (Spider:4)
  3 spriggans
  6 golden eyes (Zot:5)
  7 redbacks (Spider:4)
  A water moccasin (shapeshifter) (Vaults:1)
  An orc warrior (Vaults:5)
  An ogre (D:15)
  A killer bee (D:15)
  6 orcs (Vaults:5)
245 creatures vanquished.

Vanquished Creatures (others)
  2 ancient liches (Zot:2)
  4 Killer Klowns (Zot:5)
  3 tentacled monstrosities
  8 Orb Guardians (Zot:5)
  A lich (Zot:5)
  2 death cobs (Zot:2)
  A draconian monk (Zot:2)
  A storm dragon (Zot:5)
  A draconian knight (Zot:2)
  A draconian scorcher (Zot:2)
  3 draconian shifters (Zot:2)
  A draconian stormcaller (Zot:5)
  5 draconian annihilators
  An ettin (Depths:2)
  A great orb of eyes (Vaults:1)
  A radroach (Spider:3)
  A moth of wrath (Zot:1)
  A red devil (Zot:5)
  A hornet (Spider:4)
  A wind drake (Lair:2)
  A spriggan (Lair:5)
  A culicivora (Spider:1)
  A human (Spider:3)
  A water elemental (D:14)
  A redback (Spider:3)
  A wolf (Lair:5)
  A white imp (Gauntlet)
  41 fungi
  92 plants
  7 withered plants
187 creatures vanquished.

Grand Total: 2512 creatures vanquished

Notes
Turn   | Place    | Note
-------+----------+-------------------------------------------
     0 | D:1      | ragingrage the Draconian Brigand began the quest for the
                  | Orb.
     0 | D:1      | Reached XP level 1. HP: 17/17 MP: 1/1
    56 | D:1      | Reached XP level 2. HP: 15/24 MP: 2/2
   505 | D:1      | Found Cenexua's Antique Weapon Boutique.
   631 | D:2      | Reached XP level 3. HP: 29/29 MP: 3/3
   860 | D:2      | Found a faded altar of an unknown god.
   867 | D:2      | Got Plato's Volume of Pestilence
  1425 | D:3      | Reached XP level 4. HP: 36/36 MP: 4/4
  1544 | D:3      | Found an opulent altar of Gozag.
  1552 | D:3      | Became a worshipper of Gozag Ym Sagoz the Greedy
  1678 | D:3      | Found a white marble altar of Elyvilon.
  1718 | D:3      | Identified the amulet of Fiohuest {Acrobat *Corrode Regen+
                  | Str+9 Int-4}
  1970 | D:3      | Found a radiant altar of Vehumet.
  2097 | D:4      | Found Mokeron's Jewellery Emporium.
  2389 | D:4      | Reached skill level 5 in Stealth
  2689 | D:5      | Entered Level 5 of the Dungeon
  2727 | D:5      | Noticed an ogre
  2733 | D:5      | Killed an ogre
  2734 | D:5      | Reached XP level 5. HP: 41/41 MP: 5/5
  2749 | D:5      | Found an iron altar of Okawaru.
  2795 | D:5      | Reached XP level 6. HP: 48/48 MP: 6/6
  2848 | D:5      | Reached skill level 5 in Maces & Flails
  2975 | D:5      | Found a burning altar of Makhleb.
  2977 | D:5      | Identified the +1 scale mail "Ygokot" {Harm Int+4 Dex-2}
  3089 | D:5      | Found an ornate altar of the Wu Jian Council.
  3150 | D:5      | Found a bloodstained altar of Trog.
  3160 | D:5      | Your scales start taking on a lurid green colour.
  3160 | D:5      | Reached XP level 7. HP: 55/55 MP: 7/7
  3160 | D:5      | Gained mutation: Your system is resistant to poisons.
                  | (rPois) [Green Draconian growth]
  3906 | D:6      | Reached XP level 8. HP: 43/61 MP: 8/8
  4078 | D:6      | Found a hide-covered altar of Uskayaw.
  4345 | D:6      | Found a sparkling altar of Nemelex Xobeh.
  4608 | D:7      | Found a staircase to the Ecumenical Temple.
  4670 | D:7      | Noticed Menkaure
  4729 | D:7      | Killed Menkaure
  5007 | D:7      | Found a runed translucent door.
  5008 | D:7      | Noticed Crazy Yiuf
  5070 | D:7      | Killed Crazy Yiuf
  5115 | D:8      | Noticed Maurice
  5115 | D:8      | Noticed a troll
  5176 | D:8      | Noticed a boulder beetle
  5194 | D:7      | Killed a boulder beetle
  5195 | D:7      | Reached XP level 9. HP: 56/67 MP: 9/9
  5234 | D:8      | Found a shimmering blue altar of Sif Muna.
  5234 | D:8      | Found a blossoming altar of Fedhas.
  5234 | D:8      | Found a broken altar of Ashenzari.
  5377 | D:8      | Killed Maurice
  5378 | D:8      | Reached skill level 1 in Dodging
  5395 | D:8      | Killed a troll
  5396 | D:8      | Reached skill level 3 in Fighting
  5538 | D:8      | Noticed Maggie
  5558 | D:8      | Killed Maggie
  5559 | D:8      | Reached skill level 4 in Fighting
  5790 | D:9      | Found a snail-covered altar of Cheibriados.
  5870 | D:9      | Found a staircase to the Orcish Mines.
  5892 | D:9      | Noticed a troll
  5898 | D:9      | Reached XP level 10. HP: 80/80 MP: 10/10
  6069 | D:10     | Entered Level 10 of the Dungeon
  6074 | D:10     | Noticed Joseph
  6100 | D:10     | Killed Joseph
  6101 | D:10     | Reached skill level 5 in Fighting
  6160 | D:10     | Learned a level 3 spell: Swiftness
  6291 | D:9      | Found Teheam's CLEARANCE SALE!.
  6296 | D:9      | Bought a scroll of identify for 12 gold pieces
  6296 | D:9      | Bought a scroll of poison for 24 gold pieces
  6389 | D:9      | Found a runed translucent door.
  6433 | D:9      | Reached skill level 6 in Fighting
  6587 | D:9      | Noticed a two-headed ogre
  6599 | D:9      | Killed a two-headed ogre
  6600 | D:9      | Reached skill level 5 in Dodging
  7045 | D:9      | Found a runed translucent gate.
  7045 | D:9      | Found a runed translucent gate.
  7045 | D:9      | Found a runed translucent gate.
  7045 | D:9      | Found a runed translucent gate.
  7045 | D:9      | Found a runed translucent gate.
  7045 | D:9      | Found a runed translucent gate.
  7045 | D:9      | Noticed a lindwurm
  7045 | D:9      | Noticed a boulder beetle
  7049 | D:9      | Found the necklace of Bloodlust {*Rage Will++ Int-3 Slay+6}
  7225 | D:9      | Reached skill level 7 in Fighting
  7362 | D:10     | Found a stormy altar of Qazlal.
  7366 | D:10     | Found an iron altar of Okawaru.
  7371 | D:10     | Found a shadowy altar of Dithmenos.
  7522 | D:10     | Reached XP level 11. HP: 83/92 MP: 11/11
  7590 | D:10     | Found a hazy altar of Hepliaklqana.
  8172 | D:11     | Reached skill level 8 in Fighting
  8207 | D:11     | Found Deonikko's Jewellery Shoppe.
  8411 | D:11     | Noticed a two-headed ogre
  8429 | D:11     | Killed a two-headed ogre
  8430 | D:11     | Reached skill level 5 in Throwing
  8592 | D:11     | Identified the ring of the Median {rPois rN++ Will- Dex+6}
  8663 | D:11     | Found a staircase to the Lair.
  9142 | D:12     | Noticed a boulder beetle
  9472 | Lair:1   | Entered Level 1 of the Lair of Beasts
  9478 | Lair:1   | Found a gate leading to a gauntlet.
  9512 | Lair:1   | Bought the amulet "Duzeen" {rN+ Regen+ Int+4} for 694 gold
                  | pieces
  9512 | Lair:1   | Bought a +5 ring of evasion for 504 gold pieces
  9526 | Gauntlet | Entered a Gauntlet
  9526 | Gauntlet | Noticed an oklob plant
  9526 | Gauntlet | Noticed a fire crab
  9526 | Gauntlet | Found a transporter.
  9526 | Gauntlet | Found a transporter.
  9536 | Gauntlet | Found a transporter.
  9539 | Gauntlet | Found a transporter.
  9545 | Gauntlet | Found a runed translucent gate.
  9545 | Gauntlet | Found a runed translucent gate.
  9545 | Gauntlet | Found a runed translucent gate.
  9547 | Gauntlet | Found a transporter.
  9550 | Gauntlet | Found a transporter.
  9563 | Gauntlet | Found a transporter.
  9574 | Gauntlet | Noticed a wizard
  9576 | Gauntlet | Found a transporter.
  9576 | Gauntlet | Noticed a wizard
  9595 | Gauntlet | Found a transporter.
  9596 | Gauntlet | Found a transporter.
  9606 | Gauntlet | Found a transporter.
  9609 | Gauntlet | Found a transporter.
  9769 | Gauntlet | Killed an oklob plant
  9770 | Gauntlet | Reached skill level 9 in Fighting
  9841 | Gauntlet | Killed a wizard
  9844 | Gauntlet | Killed a wizard
  9877 | Gauntlet | Identified the ring "Xizxepun" {Int+6 Dex+3 Slay+6}
  9898 | Gauntlet | Noticed a minotaur
  9917 | Gauntlet | Killed a minotaur
  9933 | Gauntlet | Got the Catalogue of Transformation
 10063 | Lair:1   | Reached skill level 10 in Fighting
 10132 | Lair:1   | Reached XP level 12. HP: 106/106 MP: 12/12
 11073 | Lair:2   | Reached skill level 10 in Dodging
 11131 | Lair:2   | Noticed an eight-headed hydra
 11142 | Lair:2   | Killed an eight-headed hydra
 11143 | Lair:2   | Reached skill level 1 in Evocations
 11313 | Lair:2   | Found a staircase to the Shoals.
 11474 | Lair:2   | Found a burning altar of Makhleb.
 11551 | Lair:2   | Reached XP level 13. HP: 102/115 MP: 13/13
 11662 | Lair:2   | Reached skill level 11 in Fighting
 11819 | Lair:2   | Found a hole to the Spider Nest.
 12123 | Lair:2   | Found a runed translucent door.
 12127 | Lair:2   | Noticed a reaper
 12479 | Lair:3   | Reached skill level 5 in Evocations
 13448 | Lair:4   | Found a staircase to the Slime Pits.
 13944 | Lair:5   | Entered Level 5 of the Lair of Beasts
 13958 | Lair:5   | Reached skill level 12 in Fighting
 13992 | Lair:5   | Gained mutation: Your tail ends in a venomous barb. [Green
                  | Draconian growth]
 13992 | Lair:5   | Reached XP level 14. HP: 118/126 MP: 14/14
 14004 | Lair:5   | Identified the +0 pair of gloves "Xefolyem" {rF+ Str+2
                  | Int+3 SInv}
 14041 | Lair:5   | Noticed Snorg
 14218 | Lair:5   | Paralysed by a hornet for 3 turns
 14535 | Lair:5   | Killed Snorg
 14597 | Lair:5   | Reached skill level 10 in Stealth
 14642 | Lair:5   | Reached skill level 1 in Shields
 14645 | Lair:5   | Noticed Josephine
 14657 | Lair:5   | Killed Josephine
 14782 | Lair:5   | Identified the +2 helmet "Zueneru" {rElec rF+ rN++ Dex-4}
 15569 | Orc:1    | Entered Level 1 of the Orcish Mines
 15610 | Orc:1    | Found Veylo's Armour Shoppe.
 15901 | Orc:2    | Entered Level 2 of the Orcish Mines
 16301 | Orc:2    | Found a staircase to the Elven Halls.
 16550 | Orc:1    | Noticed an orc warlord
 16972 | Orc:2    | Paralysed by an orc sorcerer for 3 turns
 17129 | Orc:2    | Found Eci Pemp's Assorted Antiques.
 17129 | Orc:2    | Found Vimonepp's Jewellery Shop.
 17130 | Orc:2    | Found Kupt's Book Boutique.
 17134 | Orc:2    | Found Keqasmash's Armour Boutique.
 17137 | Orc:2    | Bought an amethyst potion for 29 gold pieces
 17137 | Orc:2    | Bought a clear potion for 29 gold pieces
 17553 | D:12     | Reached skill level 13 in Fighting
 18321 | D:13     | Noticed Urug
 18321 | D:13     | Found a gate to the Vaults.
 18626 | D:13     | Reached XP level 15. HP: 109/136 MP: 15/15
 19145 | D:13     | Learned a level 2 spell: Blink
 19342 | D:13     | Reached skill level 1 in Translocations
 19435 | D:13     | Reached skill level 5 in Shields
 19442 | D:13     | Reached skill level 10 in Throwing
 19489 | D:13     | Found Patinou's Antique Weapon Boutique.
 19495 | D:13     | Bought a brightly glowing shortbow for 192 gold pieces
 19495 | D:13     | Identified the +7 shortbow of a sewer {speed, Int+2} (You
                  | bought it in a shop on level 13 of the Dungeon)
 19536 | D:13     | Noticed Frances
 19656 | D:13     | Killed Frances
 19819 | D:13     | Killed Urug
 20298 | D:14     | Noticed Azrael
 20329 | D:14     | Killed Azrael
 20615 | D:14     | Identified the +12 lajatang of the Grave {speed, Int+2}
 21585 | D:14     | Identified the +2 morningstar "Plog" {pain, rElec Will+
                  | Str+3}
 21722 | D:14     | Reached skill level 14 in Fighting
 22728 | D:14     | Found a hide-covered altar of Uskayaw.
 22763 | D:14     | Found a shimmering altar of Xom.
 23007 | Orc:1    | Bought a +2 pair of boots for 247 gold pieces
 23230 | Spider:1 | Entered Level 1 of the Spider Nest
 23555 | Spider:1 | Reached XP level 16. HP: 146/146 MP: 16/16
 24259 | Spider:1 | Noticed Louise
 24289 | Spider:1 | Killed Louise
 24290 | Spider:1 | Reached skill level 5 in Translocations
 25206 | Spider:2 | Identified the +9 falchion of Wigi {flame, rCorr Str-4
                  | Int+5 SInv}
 25339 | Spider:2 | Learned a level 1 spell: Apportation
 25484 | Spider:2 | You fall into a shaft and drop 1 floor!
 25503 | Spider:3 | Noticed Arachne
 25506 | Spider:3 | Noticed Kirke
 25506 | Spider:3 | Noticed Bai Suzhen
 25517 | Spider:3 | Noticed a sphinx
 25802 | Spider:2 | Reached skill level 15 in Fighting
 26620 | Shoals:1 | Entered Level 1 of the Shoals
 26721 | Shoals:1 | Learned a level 4 spell: Passage of Golubria
 27052 | Shoals:1 | Identified the ring "Ytuij" {Will+ rCorr Dex+4 Stlth-}
 28047 | Shoals:2 | Reached XP level 17. HP: 113/156 MP: 17/17
 28478 | Shoals:2 | Identified Roxanne's Directory of Tephra
 28478 | Shoals:2 | Noticed Roxanne
 28830 | Shoals:2 | Learned a level 6 spell: Death Channel
 28955 | Shoals:3 | Reached skill level 1 in Necromancy
 29051 | Shoals:3 | Found a glowing silver altar of Zin.
 29262 | Shoals:3 | Reached skill level 1 in Spellcasting
 29611 | Shoals:4 | Entered Level 4 of the Shoals
 29748 | Shoals:4 | Reached skill level 10 in Shields
 30863 | Shoals:4 | Identified the +4 dagger "Zedghuene" {heavy, +Blink rC-
                  | Int+8 Stlth-}
 31113 | Shoals:4 | Reached skill level 15 in Dodging
 31311 | Shoals:4 | Got a barnacled rune of Zot
 31778 | Elf:1    | Entered Level 1 of the Elven Halls
 32178 | Elf:1    | Paralysed by an air elemental for 1 turns
 32486 | Elf:1    | Reached skill level 5 in Necromancy
 32621 | Elf:1    | Found a runed translucent gate.
 32621 | Elf:1    | Found a runed translucent gate.
 32621 | Elf:1    | Found a runed translucent gate.
 32621 | Elf:1    | Found a runed translucent gate.
 32621 | Elf:1    | Found a runed translucent gate.
 32623 | Elf:1    | Found a runed translucent gate.
 32790 | Elf:1    | Reached XP level 18. HP: 163/163 MP: 24/24
 33393 | Elf:2    | Found a runed translucent gate.
 33393 | Elf:2    | Found a runed translucent gate.
 33393 | Elf:2    | Found a runed translucent gate.
 33545 | Elf:2    | Reached skill level 10 in Evocations
 34103 | Elf:2    | Found Teneipp's Assorted Antiques.
 34111 | Elf:2    | Bought a crude marble ring for 210 gold pieces
 34111 | Elf:2    | Identified the ring of Asceticism {rN+++ Will+ Str-4 Dex+4
                  | SInv} (You bought it in a shop on level 2 of the Elven
                  | Halls)
 34119 | Elf:2    | Bought a scroll of magic mapping for 315 gold pieces
 34424 | Elf:2    | Found a runed translucent gate.
 34424 | Elf:2    | Found a runed translucent gate.
 34424 | Elf:2    | Found a runed translucent gate.
 34425 | Elf:2    | Noticed drugrobin's ghost (adept DgDe)
 34427 | Elf:2    | Noticed Yritoa's ghost (journeyman MiBe)
 34731 | Elf:3    | Entered Level 3 of the Elven Halls
 34778 | Elf:3    | Got the Secrets of Orogeny and the Gestalt
 35193 | Elf:3    | Reached skill level 5 in Spellcasting
 35774 | Spider:3 | Noticed Mlioglotl
 35798 | Spider:2 | Noticed a dread lich
 35805 | Spider:2 | Killed Mlioglotl
 36245 | Spider:3 | Killed Kirke
 36313 | Spider:3 | Killed Arachne
 36868 | Spider:3 | Killed Bai Suzhen
 37201 | Spider:3 | Reached XP level 19. HP: 161/170 MP: 30/30
 37319 | Spider:3 | Reached skill level 10 in Necromancy
 38168 | Spider:4 | Entered Level 4 of the Spider Nest
 38431 | Spider:4 | Found a transporter.
 38431 | Spider:4 | Noticed Zonian's ghost (adept VSBr)
 38440 | Spider:4 | Found a transporter.
 39193 | Spider:4 | Noticed Mara
 39241 | Spider:4 | Killed Mara
 39297 | Spider:4 | Got a gossamer rune of Zot
 39334 | Spider:4 | Learned a level 5 spell: Borgnjor's Vile Clutch
 39626 | Vaults:1 | Entered Level 1 of the Vaults
 39680 | Vaults:1 | You fall into a shaft and drop 1 floor!
 39782 | Vaults:2 | Found a magical portal.
 39948 | Vaults:2 | Found a flickering gateway to a bazaar.
 39967 | Bazaar   | Entered a bazaar
 39971 | Bazaar   | Found Daxod's Weapon Boutique.
 39989 | Bazaar   | Found Vean's Armour Shoppe.
 40006 | Bazaar   | Found Far Hiaz's Book Boutique.
 40011 | Bazaar   | Bought a manual of Dodging for 1120 gold pieces
 40011 | Bazaar   | Bought a book of Transfigurations for 560 gold pieces
 40023 | Bazaar   | Found Afesh's Antique Armour Emporium.
 40028 | Bazaar   | Bought a pair of glowing boots for 210 gold pieces
 40223 | WizLab   | Entered Doroklohe's Tomb
 40532 | WizLab   | Noticed a Brimstone Fiend
 40554 | WizLab   | Killed a Brimstone Fiend
 41637 | Vaults:2 | Reached skill level 10 in Spellcasting
 41826 | Vaults:2 | Found a staircase to the Crypt.
 42475 | Vaults:1 | Reached XP level 20. HP: 170/178 MP: 31/34
 43115 | Vaults:1 | Found a transporter.
 43130 | Vaults:1 | Found the +3 Elemental Staff {rElec rF++ rC++ AC+5}
 43135 | Vaults:1 | Found a transporter.
 43150 | Vaults:1 | Identified the ring "Tauzyr" {Wiz rN++}
 46003 | Vaults:4 | Reached skill level 1 in Earth Magic
 46400 | Vaults:4 | Found a gateway to a bazaar.
 47416 | Vaults:4 | Found a runed translucent gate.
 47416 | Vaults:4 | Found a runed translucent gate.
 47462 | Vaults:4 | Reached XP level 21. HP: 184/184 MP: 29/35
 47500 | Vaults:4 | Found a runed translucent gate.
 48052 | Lair:1   | Bought a scroll of fear for 56 gold pieces
 48353 | Elf:3    | Reached skill level 5 in Earth Magic
 48511 | Elf:3    | Identified the +5 battleaxe of Beyf {pain, Int+2}
 48511 | Elf:3    | Identified the ring "Touraro" {AC+4 Dex+2}
 48858 | Elf:3    | Identified the +8 dire flail of Lozy {pain, rPois Dex+2}
 49156 | Elf:3    | Got Duduvikh's Vellum of Conjuration
 49166 | Elf:3    | Identified the +2 helmet of the Bells {Dex+4}
 49169 | Elf:3    | Got Vujo's Meditations on the Maleficium
 49172 | Elf:3    | Got the Cyclopedia of the Undead
 49183 | Elf:3    | Identified the +1 plate armour of Tomorrow {rC+ Str+2
                  | Dex+4}
 49185 | Elf:3    | Identified the +7 chain mail of the Forsaken Things {rF+
                  | rCorr Str+4}
 49859 | Elf:2    | Learned a level 6 spell: Iron Shot
 49886 | Elf:2    | Killed Yritoa's ghost
 49894 | Elf:2    | Killed drugrobin's ghost
 50380 | D:15     | Entered Level 15 of the Dungeon
 50381 | D:15     | Found a radiant altar of Vehumet.
 50715 | D:15     | Found a staircase to the Depths.
 50936 | D:15     | Found a bloodstained altar of Trog.
 50936 | D:15     | Noticed pigah's ghost (journeyman OpWn)
 50940 | D:15     | Found a transporter.
 50942 | D:15     | Found a transporter.
 51225 | D:15     | Noticed Rupert
 51241 | D:15     | Killed Rupert
 51326 | D:15     | Found Becvul's Armour Shop.
 51532 | Depths:1 | Entered Level 1 of the Depths
 51576 | Depths:1 | Found a shadowy altar of Dithmenos.
 51686 | Depths:1 | Found Uqarepo's Assorted Antiques.
 51703 | Depths:1 | Found a runed translucent door.
 51716 | Depths:1 | Noticed NinjaNoafa's ghost (adept GnMo)
 51717 | Depths:1 | Noticed the Enchantress
 51729 | Depths:1 | Killed the Enchantress
 51749 | Depths:1 | Noticed Asterion
 51900 | D:15     | Killed Asterion
 52117 | Depths:1 | Reached skill level 10 in Earth Magic
 52546 | Depths:1 | Found a gateway to Hell.
 52581 | Depths:1 | Found a one-way gate to the infinite horrors of the Abyss.
 52693 | Depths:1 | Bought a scroll of teleportation for 96 gold pieces
 52969 | Depths:2 | Reached skill level 15 in Shields
 52985 | Depths:2 | Reached XP level 22. HP: 192/192 MP: 26/37
 53816 | Depths:2 | Found a one-way gateway to a ziggurat.
 54454 | Depths:2 | Found a glowing golden altar of the Shining One.
 54992 | Depths:2 | Found a one-way gate leading to the halls of Pandemonium.
 55371 | Depths:3 | Reached skill level 1 in Conjurations
 55416 | Depths:3 | Learned a level 6 spell: Statue Form
 55851 | Depths:3 | Found an iron altar of Okawaru.
 55943 | Depths:3 | Reached skill level 1 in Transmutations
 56047 | Depths:3 | Identified the +6 rapier of Huhokypa {drain, rF++ rC+}
 56047 | Depths:3 | Identified the +4 scale mail of the Sea {Harm Str-4 Dex+3
                  | Slay+5}
 56112 | Depths:3 | Identified the +4 hand axe "ragingrage's Regret" {heavy,
                  | rElec rN+ Int-4 SInv}
 56121 | Depths:3 | Identified the +2 leather armour of Disaster {Contam rElec
                  | rCorr SInv}
 56374 | Depths:3 | Found the +3 robe of Clouds {*Thunder rCloud rElec}
 56821 | Depths:4 | Entered Level 4 of the Depths
 57095 | Depths:4 | Found Getuca's Assorted Antiques.
 57128 | Depths:4 | Found Oxa Golla's Antique Armour Boutique.
 57128 | Depths:4 | Found Ujut's Distillery.
 57133 | Depths:4 | Bought a potion of haste for 310 gold pieces
 57133 | Depths:4 | Found Emiebon's Magic Scroll Shop.
 57136 | Depths:4 | Bought a glowing hat for 280 gold pieces
 57142 | Depths:4 | Bought a scroll of teleportation for 69 gold pieces
 57142 | Depths:4 | Bought a scroll of magic mapping for 172 gold pieces
 57142 | Depths:4 | Bought a scroll of enchant weapon for 172 gold pieces
 57145 | Depths:4 | Bought a potion of heal wounds for 95 gold pieces
 57145 | Depths:4 | Bought a potion of resistance for 190 gold pieces
 57145 | Depths:4 | Bought a potion of mutation for 152 gold pieces
 57466 | Depths:4 | Found a gate to the Realm of Zot.
 57466 | Depths:4 | Noticed a golden dragon
 57469 | Depths:4 | Noticed Parghit
 57981 | Depths:4 | Reached XP level 23. HP: 198/199 MP: 33/38
 58367 | Depths:4 | Identified the +3 short sword of Integrity {antimagic,
                  | rPois rC+ Dex+2}
 58835 | Depths:4 | Reached skill level 5 in Conjurations
 58858 | Depths:4 | Reached skill level 15 in Earth Magic
 59033 | Depths:4 | Identified the +7 lajatang of Equilibrium {flame, rC+++
                  | Will- Int+6 Dex-4}
 59654 | Vaults:4 | Found a runed translucent gate.
 59654 | Vaults:4 | Found a runed translucent gate.
 59660 | Vaults:4 | Noticed Olyjoun's ghost (adept GnHW)
 59660 | Vaults:4 | Found a runed translucent gate.
 60532 | Vaults:1 | Got the Discourse on Unholy Variation
 60549 | Vaults:1 | Identified the amulet "Nusasmam" {Acrobat *Slow rC+ Str+5}
 61094 | D:15     | Killed pigah's ghost
 61774 | Slime:1  | Entered Level 1 of the Pits of Slime
 62075 | Orc:2    | Bought a book of the Earth for 432 gold pieces
 62082 | Orc:2    | Learned a level 5 spell: Lee's Rapid Deconstruction
 62083 | Orc:2    | Bought a potion of curing for 99 gold pieces
 62083 | Orc:2    | Bought a potion of resistance for 330 gold pieces
 62083 | Orc:2    | Bought a potion of brilliance for 132 gold pieces
 62330 | Slime:2  | Reached skill level 1 in Staves
 65538 | Slime:5  | Entered Level 5 of the Pits of Slime
 65736 | Slime:5  | Noticed the Royal Jelly
 66314 | Slime:5  | Reached skill level 15 in Stealth
 66913 | Slime:5  | Killed the Royal Jelly
 66914 | Slime:5  | Reached XP level 24. HP: 157/206 MP: 21/38
 66931 | Slime:5  | Gained mutation: You are vulnerable to cold. (rC-) [a
                  | shining eye]
 68245 | Slime:5  | Identified the +3 ring mail of Koushro {Int+4}
 68304 | Slime:5  | Got a slimy rune of Zot
 68326 | Slime:5  | Got the Spellbook of Sweltering Exhalation
 68328 | Slime:5  | Identified the amulet "Kychir" {Faith Fragile rElec rCorr
                  | Str+4}
 68702 | Slime:5  | Learned a level 5 spell: Irradiate
 69433 | Depths:4 | Killed Parghit
 69801 | Zot:1    | Entered Level 1 of the Realm of Zot
 70637 | Vaults:5 | Entered Level 5 of the Vaults
 70663 | Vaults:5 | Reached skill level 10 in Conjurations
 70725 | Vaults:5 | Noticed a dread lich
 70736 | Vaults:5 | Killed a dread lich
 71457 | Bazaar   | Entered a bazaar
 71462 | Bazaar   | Found Wiowk's Book Shop.
 71493 | Bazaar   | Found Kicwer's Jewellery Shop.
 71501 | Bazaar   | Bought the ring of Qyuwny {rC+ rN++ Will++ Dex-3} for 652
                  | gold pieces
 71792 | Vaults:5 | Noticed a dread lich
 71815 | Vaults:5 | Noticed an ancient lich
 71831 | Vaults:5 | Killed an ancient lich
 71832 | Vaults:5 | Reached skill level 16 in Fighting
 71911 | Vaults:5 | Killed a dread lich
 72391 | Vaults:5 | Identified the +6 bardiche of the Dark Horse {pain, rPois
                  | rC++ Will- Int+4}
 73000 | Vaults:5 | Reached skill level 17 in Fighting
 73368 | Vaults:5 | Identified the +9 shortbow of Poseremue {freeze, rF+ rCorr
                  | Str+4}
 74039 | Vaults:5 | Got a silver rune of Zot
 74095 | Vaults:5 | Reached skill level 5 in Staves
 74900 | Vaults:5 | Reached skill level 1 in Air Magic
 75405 | Vaults:5 | Reached XP level 25. HP: 223/223 MP: 1/38
 75749 | Vaults:5 | Found Ebuqus's Magic Scroll Emporium.
 75757 | Vaults:5 | Bought a scroll of butterflies for 84 gold pieces
 75889 | Vaults:5 | Found Plog's Jewellery Shop.
 75916 | Vaults:5 | Found Mael's Antique Armour Shoppe.
 77393 | Zot:1    | Found Woikh's Changing Room.
 77550 | Zot:1    | Bought a potion of mutation for 160 gold pieces
 77550 | Zot:1    | Bought a potion of mutation for 160 gold pieces
 77550 | Zot:1    | Bought a potion of mutation for 160 gold pieces
 77742 | Zot:2    | Noticed an orb of fire
 77755 | Zot:2    | Reached skill level 18 in Fighting
 77792 | Zot:2    | Noticed an ancient lich
 77807 | Zot:2    | Killed an ancient lich
 77809 | Zot:2    | Noticed an orb of fire
 77810 | Zot:2    | Noticed an ancient lich
 77828 | Zot:2    | Found a transporter.
 77829 | Zot:2    | Found a radiant altar of Vehumet.
 77847 | Zot:2    | Noticed a dread lich
 77858 | Zot:2    | Killed a dread lich
 78079 | Zot:2    | Noticed a Killer Klown
 78204 | Zot:2    | Noticed an orb of fire
 78227 | Zot:2    | Killed an orb of fire
 78482 | Zot:2    | Noticed an orb of fire
 78483 | Zot:2    | Gained mutation: You occasionally lose the ability to drink
                  | potions when taking damage. [an orb of fire]
 78724 | Zot:2    | Killed a Killer Klown
 78974 | Zot:2    | Killed an orb of fire
 79363 | Zot:2    | Reached skill level 19 in Fighting
 82427 | Zot:3    | Identified the +6 battleaxe of Skirmishing {heavy, rPois
                  | Dex+2}
 82438 | Zot:3    | Noticed an orb of fire
 83356 | Zot:3    | Killed an orb of fire
 83868 | Zot:4    | Reached skill level 20 in Fighting
 84996 | Zot:4    | Reached XP level 26. HP: 237/239 MP: 8/39
 85063 | Zot:4    | Noticed an orb of fire
 85092 | Zot:5    | Entered Level 5 of the Realm of Zot
 86032 | Zot:5    | Noticed an ancient lich
 86041 | Zot:5    | Killed an ancient lich
 86056 | Zot:5    | Learned a level 7 spell: Spellforged Servitor
 86116 | Zot:5    | Reached skill level 1 in Summonings
 86699 | Zot:5    | Reached skill level 5 in Summonings
 86894 | Zot:5    | Noticed an ancient lich
 86903 | Zot:5    | Noticed an orb of fire
 87035 | Zot:5    | Noticed an orb of fire
 87079 | Zot:5    | Noticed a dread lich
 87079 | Zot:5    | Noticed an orb of fire
 87101 | Zot:5    | Killed an orb of fire
 87103 | Zot:5    | Killed a dread lich
 87270 | Zot:5    | Got the Orb of Zot
 87350 | Zot:5    | Killed an orb of fire
 87574 | Zot:4    | Noticed Cogo the pandemonium lord
 88137 | D:$      | Escaped with the Orb!

Illustrated notes

Levels and vault maps discovered:
D:1:      wander_arrival_chamber, layout_rooms, serial_shops,
          nicolae_shop_advertising_works [nicolae_subvault_shop_adworks],
          dk_noncrumbling_4
D:2:      layout_basic, shapermc_ecumenical_altar_rom_forum
D:3:      layout_basic, mainiacjoe_overflow_brackets, general_overflow_altar,
          grunt_gozag_breadcrumbs
D:4:      layout_gridville, serial_shops, shop
D:5:      layout_loops_corners, nicolae_wu_jian_wuxing_cycle,
          lightli_temple_of_fire, hangedman_decor_opposing,
          hangedman_feature_mirror
D:6:      layout_basic, lemuel_crystal_altar, nemelex_dance_club_becter
D:7:      layout_basic, minmay_temple_entry_from_below_a, uniq_menkaure,
          uniq_crazy_yiuf_cottage
D:8:      layout_rooms, gammafunk_temple_overflow_claw, uniq_maggie,
          uniq_maurice
D:9:      gammafunk_indiana_jones, layout_basic, kennysheep_slug_shrine,
          nicolae_shop_clearance
D:10:     layout_loops_ring, nicolae_hepliaklqana_monster_ancestors,
          grunt_temple_overflow_diamond, uniq_joseph
D:11:     layout_stronghold, grunt_lair_entry_orc_guard_hut, serial_shops, shop,
          grunt_ministairs_2
D:12:     layout_gridville
D:13:     nzn_winding_woodlands_cross
          [nzn_winding_woodlands_5x15_pathside_ponds,
          nzn_winding_woodlands_5x15_pockets,
          nzn_winding_woodlands_5x15_crooked, nzn_winding_woodlands_5x15_eye,
          nzn_winding_woodlands_15x15_killbox], layout_irregular_city,
          david_vaults_3, serial_shops, kennysheep_little_box, serial_undead,
          serial_undead_c, serial_undead_c, serial_undead_d, serial_undead_a,
          st_stairs_1, uniq_frances
D:14:     minmay_the_grid_octo_tiled_squarecenter_mashed
          [minmay_the_grid_octo_77, minmay_the_grid_octo_vomiting_pacman,
          minmay_the_grid_octo_empty, minmay_the_grid_octo_pinwheel,
          minmay_the_grid_square_5x5_megaprize_open,
          minmay_the_grid_square_5x5_fancy_junction,
          minmay_the_grid_square_5x5_percent,
          minmay_the_grid_square_5x5_shrine1,
          minmay_the_grid_square_5x5_one_wall], layout_loops_corners,
          minmay_misc_feat_room, nicolae_underground_beach, uniq_azrael
D:15:     gammafunk_depths_entry_grave, layout_basic,
          gammafunk_ghost_wrathful_warriors, serial_shops, shop_fountains,
          nicolae_vehumet_radiance, minivault_7, uniq_rupert
Lair:1:   layout_cave_pods, gauntlet_entry_generic, serial_bayou_shore_b,
          grunt_megastairs_1, serial_bayou_shore_b
Lair:2:   layout_regular_city, minmay_shoals_entry_beasts,
          nicolae_spider_entry_orb_guardian, basic_altar,
          pdpol_lair_cabin_in_the_woods, grunt_megastairs_4
Lair:3:   layout_misc_corridors, beast_lair_carwin_4, serial_bayou_shore_a
Lair:4:   layout_roguey, minmay_slime_entry_pillars
Lair:5:   minmay_lair_end_enchanted_forest, layout_loops_ring, uniq_snorg,
          uniq_josephine
Shoals:1: layout_shoals, nicolae_shoals_this_corrosion
Shoals:2: layout_shoals, nzn_prometheus_bound, uniq_roxanne
Shoals:3: layout_shoals, lemuel_oklob_altar
Shoals:4: shoals_end_hangedman, layout_shoals
Spider:1: layout_spider_delve, uniq_louise
Spider:2: nicolae_spider_hilbert_zone_1 [nicolae_spider_hilbert_4_sides_1_open,
          nicolae_spider_hilbert_4_sides_1_open,
          nicolae_spider_hilbert_4_sides_1_open,
          nicolae_spider_hilbert_4_sides_1_open,
          nicolae_spider_hilbert_3_sides_1_open,
          nicolae_spider_hilbert_3_sides_1_open,
          nicolae_spider_hilbert_3_sides_1_open,
          nicolae_spider_hilbert_3_sides_1_open,
          nicolae_spider_hilbert_3_sides_1_open,
          nicolae_spider_hilbert_6_sides_1_open,
          nicolae_spider_hilbert_6_sides_1_open,
          nicolae_spider_hilbert_3_sides_1_open,
          nicolae_spider_hilbert_3_sides_1_open,
          nicolae_spider_hilbert_3_sides_1_open,
          nicolae_spider_hilbert_3_sides_1_open,
          nicolae_spider_hilbert_2_sides_1_open], hangedman_spider_trapstep
Spider:3: nicolae_spider_corner, hangedman_spider_tarantella_strand, uniq_kirke,
          uniq_bai_suzhen, uniq_mlioglotl, uniq_arachne
Spider:4: spider_rune_water, gammafunk_ghost_arena, uniq_mara
Slime:1:  layout_caves
Slime:2:  layout_caves
Slime:3:  layout_caves
Slime:4:  layout_caves, nicolae_slime_crime_time
Slime:5
Orc:1:    layout_diamond_mine, serial_shops, shop, nicolae_orc_bridge_out
Orc:2:    st_orc_mages, layout_diamond_mine
Elf:1:    layout_onion_city, orc_legates, grunt_megastairs_5
Elf:2:    elven_hall_of_blades_hangedman_original [nicolae_blade_little_rooms],
          layout_loops_corners, serial_shops, nicolae_shop_hallway_plus,
          gammafunk_ghost_cemetery, st_stairs_4, drop_trap, minivault_23,
          nicolae_elf_vaults_five_recruitment_drive
Elf:3:    elf_hall, layout_geoelf_octagon
Vaults:1: vaults_room_fours, v_pattern_4, v_misc_5, ontoclasm_vaults_twist,
          grunt_vaults_hallway_long, vaults_dpeg_diagonal,
          hangedman_vaults_stream, nicolae_vaults_network_quinsquares
          [nicolae_vaults_network_quincunx_subvault,
          nicolae_vaults_network_quincunx_subvault,
          nicolae_vaults_network_quincunx_subvault,
          nicolae_vaults_network_quincunx_subvault], gammafunk_the_bubble
          [the_bubble_gammafunk_split], nicolae_vaults_windows_and_doors_thing,
          layout_vaults_big_cross
Vaults:2: mu_enter_wizlab_5, v_alt_pattern_4, minmay_crypt_entry_simple_statues,
          v_misc_27, nicolae_vaults_angled_halls,
          nicolae_vaults_twisting_passages, nicolae_vaults_little_squares_5,
          layout_vaults_omnigrid, serial_shops, bzr_in_the_mist
Vaults:3: ontoclasm_vaults_shuriken, v_misc_33, ontoclasm_vaults_chip,
          v_misc_27, v_alt_pattern_6, ontoclasm_vaults_hangar, v_alt_pattern_6,
          vaults_standard_mumra_lines, nicolae_vaults_little_squares_1,
          v_misc_19, layout_vaults_big_room
Vaults:4: ploomutoo_gammafunk_ghost_potion_laboratory, grunt_vaults_twisty,
          ontoclasm_vaults_ring_large, v_misc_14, vaults_room_corners,
          nicolae_vaults_minivaults, nicolae_vaults_network_quincunx
          [nicolae_vaults_network_quincunx_subvault,
          nicolae_vaults_network_quincunx_subvault,
          nicolae_vaults_network_quincunx_subvault,
          nicolae_vaults_network_quincunx_subvault,
          nicolae_vaults_network_quincunx_subvault], ontoclasm_vaults_fault,
          ontoclasm_vaults_loading_screen, hangedman_vaults_stretched_pinwheel,
          vaults_room_semicircle, v_alt_pattern_6, layout_vaults_maze_bifur,
          serial_shops, bzr_entry_lakeside
Vaults:5
Depths:1: layout_cave_pools, abyss_entry, grunt_hell_entry_dis_grunt,
          nicolae_dithmenos_the_darkroom, ebering_ghost_reflecting_pool,
          kennysheep_windowed_goal, uniq_enchantress, uniq_asterion
Depths:2: grunt_deathspiral_small, layout_gridlike, enter_ziggurat_d,
          grunt_pan_entry_in_and_out, abyss_entry_glasseish, lemuel_round_altar,
          grunt_mini_vestibule
Depths:3: evilmike_iron_armoury, layout_gridlike, pf_coc_iceberg, pan_entry,
          abyss_entry, nicolae_figureground_sparkle, minmay_staircase_bubble
Depths:4: evilmike_zot_entry_round, layout_honeycomb, minmay_misc_feat_roman,
          hellmouth_1, pan_entry, minmay_shoptagon, uniq_parghit, uniq_josephina
Zot:1:    layout_misc_corridors, nicolae_transmutations_shop
Zot:2:    gammafunk_sealed_library, layout_concentric_octagons
Zot:3:    kennysheep_blocky_room, layout_onion_interference
Zot:4:    grunt_zot_stairs_mandelzot, layout_cathedral_of_symmetry,
          hangedman_hellfire_club
Zot:5:    layout_misc_corridors, grunt_ministairs_7

Skill      XL: |  1  2  3  4  5  6  7  8  9 10 11 12 13 14 15 16 17 18 19 20 21 22 23 24 25 26 |
---------------+-------------------------------------------------------------------------------+-----
Stealth        | 4 5 6 7 8 9 10 11 15 | 15.6
Short Blades   | 3 |  3.8
Maces & Flails | 2 3 5 7 11 12 | 12.0
Dodging        | 3 5 8 10 11 12 13 14 15 18 19 | 19.0
Fighting       | 4 7 10 12 13 14 15 17 20 | 20.0
Throwing       | 2 4 6 7 8 9 10 12 13 14 | 14.0
Evocations     | 3 6 8 9 11 | 11.0
Shields        | 4 6 9 10 13 15 16 18 | 18.0
Translocations | 4 5 6 7 |  7.0
Necromancy     | 5 9 13 14 | 14.3
Spellcasting   | 4 7 10 11 12 14 | 14.0
Earth Magic    | 4 10 14 15 | 15.0
Conjurations   | 3 8 12 14 | 14.0
Transmutations | 2 |  2.9
Staves         | 4 5 9 |  9.3
Air Magic      | 2 3 |  3.0
Summonings     | 9 |  9.4

Action                   |  1- 3 |  4- 6 |  7- 9 | 10-12 | 13-15 | 16-18 | 19-21 | 22-24 | 25-27 || total
-------------------------+-------+-------+-------+-------+-------+-------+-------+-------+-------++-------
Melee: Dagger            |   108 |   103 |     3 |       |     4 |       |       |       |       ||   218
       Tailslap          |    13 |    19 |    27 |   102 |   262 |   339 |   397 |   391 |    77 ||  1627
       Punch             |     2 |     1 |     2 |    14 |     6 |       |       |       |       ||    25
       Demon whip        |       |    35 |   213 |   518 |  1290 |  1498 |  1432 |  1105 |    28 ||  6119
       Morningstar       |       |       |       |       |       |   102 |       |       |       ||   102
       Rapier            |       |       |       |       |       |       |       |     8 |       ||     8
       Staff             |       |       |       |       |       |       |       |   142 |   215 ||   357
 Fire: Arbalest          |       |       |       |       |     9 |       |       |       |       ||     9
       Shortbow          |       |       |       |       |       |    14 |       |       |       ||    14
Throw: Dart              |     4 |     8 |    13 |     9 |    53 |    58 |     1 |     2 |       ||   148
       Javelin           |       |       |       |     3 |     1 |    13 |    48 |     2 |    27 ||    94
       Boomerang         |       |       |       |     2 |    49 |   358 |   101 |    17 |       ||   527
       Throwing net      |       |       |       |       |       |     2 |     1 |     2 |       ||     5
 Cast: Swiftness         |       |       |       |       |     1 |       |       |     1 |     1 ||     3
       Death Channel     |       |       |       |       |       |       |    69 |    66 |    20 ||   155
       Borgnjor's Vile C |       |       |       |       |       |       |    63 |   132 |    62 ||   257
       Blink             |       |       |       |       |       |       |     2 |     5 |     3 ||    10
       Apportation       |       |       |       |       |       |       |     1 |       |       ||     1
       Iron Shot         |       |       |       |       |       |       |       |   206 |   247 ||   453
       Lee's Rapid Decon |       |       |       |       |       |       |       |    70 |    21 ||    91
       Statue Form       |       |       |       |       |       |       |       |     2 |       ||     2
       Passage of Golubr |       |       |       |       |       |       |       |       |     1 ||     1
Invok: Call Merchant     |       |       |       |     1 |       |       |     1 |       |       ||     2
       Potion Petition   |       |       |       |       |       |     5 |     3 |     5 |     1 ||    14
       Bribe Branch      |       |       |       |       |       |       |       |       |     3 ||     3
 Abil: Breathe Noxious F |       |       |     8 |     5 |     8 |     6 |     2 |     1 |       ||    30
Evoke: Wand              |       |       |       |     3 |     3 |    13 |     1 |     5 |     4 ||    29
       Lightning rod     |       |       |       |       |       |     3 |       |       |     1 ||     4
       Box of beasts     |       |       |       |       |       |     3 |     3 |     5 |     3 ||    14
       Condenser vane    |       |       |       |       |       |     1 |     8 |     8 |     6 ||    23
       Phial of floods   |       |       |       |       |       |       |     1 |       |       ||     1
       Tin of tremorston |       |       |       |       |       |       |       |     6 |     2 ||     8
  Use: Scroll            |       |       |       |    19 |    13 |    18 |     6 |    13 |    18 ||    87
       Potion            |       |       |       |     3 |     1 |     3 |     2 |     8 |     5 ||    22
 Stab: Sleeping          |     9 |     7 |     3 |     8 |    16 |    14 |    12 |     7 |       ||    76
       Confused          |       |       |     3 |     1 |     4 |     2 |     1 |       |       ||    11
       Distracted        |       |       |     1 |     4 |    14 |    26 |    25 |    29 |    12 ||   111
       Invisible         |       |       |       |     1 |       |     5 |       |     1 |       ||     7
       Held in net/web   |       |       |       |       |       |       |       |     2 |       ||     2
Armor: Skin              |    38 |    37 |    44 |    85 |   183 |   240 |   185 |   167 |    97 ||  1076
Dodge: Dodged            |    50 |    59 |    85 |   237 |   695 |  1050 |   908 |   753 |   222 ||  4059
Block: Buckler           |       |       |       |       |   144 |   428 |   321 |   157 |       ||  1050
       Kite shield       |       |       |       |       |       |       |    75 |   224 |       ||   299
       Tower shield      |       |       |       |       |       |       |       |   431 |   375 ||   806

Table legend: (Time is in decaauts)
 A = Elapsed time spent in this place.
 B = Non-inter-level travel time spent in this place.
 C = Inter-level travel time spent in this place.
 D = Time resting spent in this place.
 E = Time spent auto-exploring this place.
 F = Levels seen in this place.
 G = Mean time per level.
                   A        B        C        D        E       F      G
               +--------+--------+--------+--------+--------+-----+--------+
         Total |  85562 |  73643 |  11919 |  17211 |  37210 |  56 | 1527.9 |
       Dungeon |  19150 |  15321 |   3829 |   2348 |   9561 |  15 | 1276.7 |
          Lair |   6612 |   5127 |   1485 |    171 |   3591 |   5 | 1322.4 |
        Shoals |   4824 |   4295 |    529 |    669 |   2228 |   4 | 1206.0 |
   Spider Nest |   6203 |   5750 |    453 |   1159 |   2640 |   4 | 1550.8 |
    Slime Pits |   6404 |   6133 |    271 |   2364 |   2610 |   5 | 1280.8 |
  Orcish Mines |   2324 |   1723 |    601 |    319 |    908 |   2 | 1162.0 |
   Elven Halls |   5544 |   4553 |    991 |   1104 |   2132 |   3 | 1848.0 |
        Vaults |  13279 |  10998 |   2281 |   2137 |   5917 |   5 | 2655.8 |
        Depths |   8898 |   8038 |    860 |   1468 |   4140 |   4 | 2224.5 |
           Zot |  11118 |  10503 |    615 |   5140 |   3229 |   5 | 2223.6 |
        Bazaar |    182 |    182 |      0 |      0 |     44 |   2 |   91.0 |
        Wizlab |    619 |    619 |      0 |    325 |     87 |   1 |  619.0 |
      Gauntlet |    400 |    400 |      0 |      4 |    121 |   1 |  400.0 |
               +--------+--------+--------+--------+--------+-----+--------+

Top non-repeatable levels by time:
Vaults:5: 4268 daAuts
   Zot:2: 4135 daAuts
Depths:4: 3095 daAuts
    D:14: 3094 daAuts
Vaults:4: 2739 daAuts
 Slime:4: 2490 daAuts
   Zot:5: 2444 daAuts
Depths:2: 2434 daAuts
Vaults:1: 2404 daAuts
    D:12: 2030 daAuts
Depths:3: 2005 daAuts
   Elf:1: 1985 daAuts
 Slime:5: 1944 daAuts
Vaults:3: 1939 daAuts
Vaults:2: 1927 daAuts
